 Dungeon Crawl Stone Soup version 0.23.2-1-ga50397a (webtiles) character file.

Game seed: 397957809528256303

784 Mimshu the Cudgeler (level 7, 0/71 HPs)
             Began as a Troll Berserker on May 7, 2019.
             Was an Elder of Trog.
             Slain by a hound (3 damage)
             ... on level 5 of the Dungeon.
             The game lasted 00:14:18 (4279 turns).

Mimshu the Cudgeler (Troll Berserker)               Turns: 4279, Time: 00:14:18

Health: 0/71       AC:  6    Str: 28    XL:     7   Next: 55%
Magic:  6/6        EV:  9    Int:  6    God:    Trog [****..]
Gold:   243        SH:  0    Dex:  9    Spells: 6/6 levels left

rFire    . . .     SeeInvis .   a - +0 mace
rCold    . . .     Gourm    +   t - +0 shield
rNeg     . . .     Faith    .   b - +0 animal skin
rPois    .         Spirit   .   (helmet restricted)
rElec    .         Reflect  .   (no cloak)
rCorr    .         Harm     .   (gloves unavailable)
MR       .....                  (boots unavailable)
Stlth    +.........             (no amulet)
HPRegen  0.61/turn              n - +3 ring of intelligence
MPRegen  0.10/turn              (no ring)

@: confused, berserk cooldown, slowed, very slow
A: large, unfitting armour, claws 3, fast metabolism 3, gourmand, regeneration
1, shaggy fur 1, tough skin 3
a: Berserk, Trog's Hand, Brothers in Arms, Renounce Religion


You were on level 5 of the Dungeon.
You worshipped Trog.
Trog was greatly pleased with you.
You were not hungry.

You visited 1 branch of the dungeon, and saw 5 of its levels.

You collected 243 gold pieces.

Inventory:

Hand Weapons
 a - a +0 mace (weapon)
 e - a +1 dagger of venom
 o - a +1 spear of piercing
Missiles
 k - 98 stones (quivered)
Armour
 b - a +0 animal skin (worn)
 t - a +0 shield (worn)
 u - a +0 robe
Jewellery
 n - a +3 ring of intelligence (left claw)
Wands
 s - a wand of disintegration (13)
Scrolls
 d - 4 scrolls of remove curse
 g - 3 scrolls of teleportation
 h - 2 scrolls of fear {unknown}
 i - 2 scrolls of immolation {unknown}
 j - 6 scrolls of identify
 l - 2 scrolls of fog {unknown}
 r - a scroll of amnesia {unknown}
 v - a scroll of random uselessness {unknown}
 x - 3 scrolls of enchant weapon {unknown}
Potions
 f - 3 potions of might {unknown}
 m - a potion of lignification {unknown}
 p - a potion of ambrosia {unknown}
 q - a potion of flight {unknown}
 z - a potion of invisibility {unknown}
Comestibles
 c - 13 rations


   Skills:
 * Level 4.5 Fighting
 * Level 5.0 Maces & Flails
 * Level 4.5 Dodging
 + Level 1.8 Shields


You had 6 spell levels left.
You didn't know any spells.
Your spell library was empty.

Dungeon Overview and Level Annotations

Branches:
Dungeon (5/15)
 Temple: D:4-7

Altars:
Cheibriados
Fedhas
Makhleb
Okawaru
Qazlal
Sif Muna
Yredelemnul

Annotations:
D:5 Sigmund


Innate Abilities, Weirdness & Mutations

You are too large for most types of armour.
You have claws for hands.
Your metabolism is lightning-fast.
You like to eat raw meat.
Your natural rate of healing is unusually fast.
You are covered in fur. (AC +1)
You have extremely tough skin. (AC +3)


Message History

Unknown command.
You bump into the stone wall.
An orc wizard appears from thin air!
Reactivating autopickup.
The hound bites you but does no damage. The hound bites you.
* * * LOW HITPOINT WARNING * * *
The orc wizard hits you but does no damage.
The orc completely misses you. The hound bites you but does no damage.
The orc wizard grunts loudly.
The orc wizard mumbles some strange words.
The orc wizard flickers and vanishes!
Deactivating autopickup; reactivate with Ctrl-A.
Autopickup is now on.
Autopickup is now off.
You sock something! The hound bites you but does no damage.
The orc closely misses you. The hound bites you.
* * * LOW HITPOINT WARNING * * *
Something hits you but does no damage. The hound bites you.
You die...

# ####.....#?#..
#####.)...####+###
...)#.##..# ...)..<[..#
....##.#..#
#.####....### .
#......#..# ^# ...
...######.####'####.....
...+.....(!....o@h......
...######.###.##.##$....
#+## #(......## #.#
#...#.##.### #...#.##..
..... ..$.. #####.
####.. #. .. ##


You could see a hound and an orc.

Vanquished Creatures
  An ice beast (D:5)
  A phantom (D:4)
  3 scorpions
  A jelly (D:5)
  A bullfrog skeleton (D:4)
  2 orc priests
  2 orc wizards
  A worker ant (D:4)
  A hound skeleton (D:4)
  A worker ant zombie (D:5)
  4 gnolls
  8 adders
  A river rat (D:4)
  2 worms
  2 dart slugs (D:1)
  4 leopard geckos
  10 orcs
  3 ball pythons
  4 giant cockroaches
  5 goblins
  7 hobgoblins
  7 jackals
  3 quokkas
  4 bats
  3 frilled lizards
  8 kobolds
  11 rats
100 creatures vanquished.

Notes
Turn   | Place    | Note
-------+----------+-------------------------------------------
     0 | D:1      | Mimshu the Troll Berserker began the quest for the Orb.
     0 | D:1      | Reached XP level 1. HP: 22/22 MP: 0/0
   115 | D:1      | Reached XP level 2. HP: 27/29 MP: 1/1
   457 | D:1      | Reached skill level 3 in Maces & Flails
   635 | D:1      | Reached ** piety under Trog
  1046 | D:2      | Reached XP level 3. HP: 22/36 MP: 2/2
  1196 | D:2      | Found a basalt altar of Yredelemnul.
  1665 | D:2      | Reached XP level 4. HP: 45/45 MP: 3/3
  1803 | D:2      | Found a burning altar of Makhleb.
  1803 | D:2      | Found an iron altar of Okawaru.
  1804 | D:2      | Found a snail-covered altar of Cheibriados.
  2144 | D:3      | Found a stormy altar of Qazlal.
  2368 | D:3      | Reached *** piety under Trog
  2368 | D:3      | Reached XP level 5. HP: 53/53 MP: 4/4
  2825 | D:4      | Reached skill level 4 in Maces & Flails
  2834 | D:4      | Reached XP level 6. HP: 31/62 MP: 5/5
  2969 | D:4      | Found a blossoming altar of Fedhas.
  3093 | D:4      | Found a deep blue altar of Sif Muna.
  3213 | D:4      | Reached skill level 1 in Shields
  3756 | D:4      | Reached XP level 7. HP: 66/70 MP: 6/6
  3901 | D:5      | Entered Level 5 of the Dungeon
  3902 | D:5      | Noticed Sigmund
  4164 | D:5      | Reached **** piety under Trog
  4258 | D:5      | Reached skill level 5 in Maces & Flails
  4279 | D:5      | HP: 3/71 [hound (4)]
  4279 | D:5      | Slain by a hound

Skill      XL: |  1  2  3  4  5  6  7 |
---------------+----------------------+-----
Maces & Flails | 3 4 5 |  5.0
Fighting       | 3 4 |  4.5
Dodging        | 3 4 |  4.5
Shields        | 1 |  1.8

Action                   |  1- 3 |  4- 6 |  7- 9 || total
-------------------------+-------+-------+-------++-------
Melee: Mace              |   124 |   284 |    65 ||   473
Invok: Berserk           |     1 |     3 |     1 ||     5
  Use: Scroll            |       |     1 |     1 ||     2
  Eat: Chunk             |    19 |    27 |     1 ||    47
Armor: Animal skin       |    82 |   100 |    24 ||   206
Dodge: Dodged            |    73 |   112 |    25 ||   210
Block: Shield            |       |    94 |    32 ||   126
